 Dungeon Crawl Stone Soup version 0.22.1-1-ga44c0e56f4 (webtiles) character file.

431 Jynx the Changer (level 6, -1/47 HPs)
             Began as a Draconian Transmuter on Oct 22, 2018.
             Slain by a worker ant (5 damage)
             ... on level 4 of the Dungeon.
             The game lasted 00:08:28 (4933 turns).

Jynx the Changer (Draconian Transmuter)             Turns: 4933, Time: 00:08:29

Health: -1/47      AC:  6    Str: 12    XL:     6   Next: 67%
Magic:  12/12      EV: 12    Int: 15    God:
Gold:   154        SH:  0    Dex: 12    Spells: 2/13 levels left

rFire    . . .     SeeInvis .     - Unarmed
rCold    . . .     Gourm    .   (no shield)
rNeg     . . .     Faith    .   (armour unavailable)
rPois    +         Spirit   .   (helmet restricted)
rElec    .         Reflect  .   (no cloak)
rCorr    .         Harm     .   (no gloves)
MR       .....                  (boots currently unavailable)
Stlth    +.........             b - amulet of inaccuracy (curse)
HPRegen  0.15/turn              h - ring of poison resistance
MPRegen  0.13/turn              (no ring)

@: lethally poisoned (-1 -> -9), appendage
A: unfitting armour, talons 3, cold-blooded, AC +6
a: End Transformation


You were on level 4 of the Dungeon.
You were not hungry.
You had grown temporary talons.
You visited 1 branch of the dungeon, and saw 4 of its levels.

You collected 154 gold pieces.

Inventory:

Missiles
 a - 4 arrows
Jewellery
 b - a cursed amulet of inaccuracy (around neck)
 h - a ring of poison resistance (left hand)
Wands
 d - a wand of flame (15)
 f - a wand of digging (19)
 j - a wand of polymorph (17)
 k - a wand of acid (6)
Comestibles
 c - 8 rations
 g - 4 chunks of flesh


   Skills:
 - Level 1.1 Fighting
 - Level 1.7 Dodging
 - Level 3.0 Unarmed Combat
 + Level 4.0 Spellcasting
 * Level 6.0 Transmutations


You had 2 spell levels left.
You knew the following spells:

 Your Spells              Type           Power        Failure   Level  Hunger
a - Beastly Appendage     Tmut           ###...       1%          1    None
b - Sticks to Snakes      Tmut           ###.....     2%          2    ##.....
c - Spider Form           Tmut/Pois      ##........   16%         3    ###....
d - Blade Hands           Tmut           ###.......   38%         5    ######.

Your spell library contained the following spells:

 Spells                   Type           Power        Failure   Level  Hunger
 Ice Form                 Ice/Tmut       ##......     45%         4    ####...


Dungeon Overview and Level Annotations

Branches:
Dungeon (4/15)
 Temple: D:4-7

Altars:


Innate Abilities, Weirdness & Mutations

Your plain brown scales are hard. (AC +6)
You cannot fit into any form of body armour.
You are cold-blooded and may be slowed by cold attacks.
You have claws for feet.


Message History

You aren't carrying any scrolls.
Evoke which item? (* to show all) (? for menu, Esc to quit)
Aiming: Throw Flame
Press: ? - help, Shift-Dir - straight line, f - worker ant
Aim: a worker ant (moderately wounded)
The puff of flame hits the worker ant.
The worker ant is heavily wounded.
You feel sick. The worker ant bites you.
* * * LOW HITPOINT WARNING * * *
You are lethally poisoned!
The worker ant poisons you!
You aren't carrying any potions.
Put on which piece of jewellery? (? for menu, Esc to quit)
Oops, that amulet feels deathly cold.
b - a cursed amulet of inaccuracy (around neck) Put on which piece of jewellery? (? for menu, Esc to quit)
h - a ring of poison resistance (left hand)
* * * LOW HITPOINT WARNING * * *
You feel sick. The worker ant bites you.
You die...

.(......#......#####
#.# ###.###.#.......
.# #.#
....###.######## .#
#..
##......#########.###
###
#..>.................
....#########.###...
#.#.# #.# .# #.#.
##'###.# #...a@.#
#......# #.....##
#.....# #.....#
[......# #^#.....#
#.#+#...#


You could see a worker ant.

Vanquished Creatures
  A bullfrog skeleton (D:4)
  Ijyb (D:3)
  An orc wizard (D:4)
  Robin (D:2)
  8 adders
  3 gnolls (D:3)
  An ooze (D:3)
  2 worms
  3 dart slugs
  4 leopard geckos
  2 orcs (D:4)
  6 bats
  5 giant cockroaches
  17 goblins
  12 hobgoblins
  9 jackals
  4 kobolds
  4 ball pythons
  4 frilled lizards
  7 rats
95 creatures vanquished.

Vanquished Creatures (collateral kills)
  Grinder (D:3)
  An orc (D:4)
2 creatures vanquished.

Grand Total: 97 creatures vanquished

Notes
Turn   | Place    | Note
-------+----------+-------------------------------------------
     0 | D:1      | Jynx the Draconian Transmuter began the quest for the Orb.
     0 | D:1      | Reached XP level 1. HP: 16/16 MP: 3/3
    92 | D:1      | Reached XP level 2. HP: 13/23 MP: 5/5
   793 | D:1      | Reached skill level 3 in Transmutations
  1061 | D:2      | Reached XP level 3. HP: 11/28 MP: 6/6
  1859 | D:2      | Reached XP level 4. HP: 12/35 MP: 6/8
  2330 | D:2      | Reached skill level 4 in Transmutations
  3026 | D:3      | Noticed Ijyb
  3041 | D:3      | Killed Ijyb
  3060 | D:3      | HP: 1/35 [worm (7)]
  3064 | D:3      | Reached XP level 5. HP: 2/40 MP: 9/9
  3769 | D:3      | Learned a level 2 spell: Sticks to Snakes
  3773 | D:3      | Learned a level 3 spell: Spider Form
  3907 | D:3      | Reached skill level 5 in Transmutations
  3959 | D:3      | Noticed Robin
  4004 | D:2      | Killed Robin
  4372 | D:3      | Noticed Grinder
  4398 | D:3      | Paralysed by Grinder for 7 turns
  4412 | D:3      | Killed Grinder
  4412 | D:3      | Reached XP level 6. HP: 17/47 MP: 1/11
  4847 | D:4      | Reached skill level 6 in Transmutations
  4854 | D:4      | Learned a level 5 spell: Blade Hands
  4933 | D:4      | Slain by a worker ant

Skill      XL: |  1  2  3  4  5  6 |
---------------+-------------------+-----
Transmutations | 3 4 5 6 |  6.0
Spellcasting   | 3 4 |  4.0
Fighting       | |  1.1
Dodging        | |  1.7
Unarmed Combat | |  3.0

Action                   |  1- 3 |  4- 6 || total
-------------------------+-------+-------++-------
Melee: Unarmed           |   143 |   260 ||   403
       Kick              |     3 |    24 ||    27
       Tailslap          |     8 |    23 ||    31
       Punch             |     2 |     2 ||     4
       Headbutt          |     6 |    20 ||    26
 Cast: Beastly Appendage |    17 |    28 ||    45
       Sticks to Snakes  |       |     6 ||     6
Evoke: Wand              |       |     1 ||     1
  Use: Scroll            |     1 |     4 ||     5
       Potion            |     1 |     2 ||     3
 Stab: Sleeping          |     1 |       ||     1
  Eat: Chunk             |     3 |    11 ||    14
Armor: Skin              |    50 |    99 ||   149
Dodge: Dodged            |    99 |   150 ||   249
